 Dungeon Crawl Stone Soup version 0.25-b1-37-g2669288c55 (webtiles) character file.

Game seed: 4539871812575238674

255 Masnef the Chiller (level 6, -3/43 (45) HPs)
             Began as a Ghoul Ice Elementalist on June 4, 2020.
             Was an Initiate of Jiyva.
             Slain by a phantom (9 damage)
             ... on level 4 of the Dungeon on June 5, 2020.
             The game lasted 00:08:24 (4424 turns).

Masnef the Chiller (Ghoul Ice Elementalist)         Turns: 4424, Time: 00:08:24

HP:   -3/43 (45)    AC:  4    Str: 12    XL:     6   Next: 15%
MP:   4/8           EV: 12    Int: 12    God:    Jiyva [......]
Gold: 198           SH:  0    Dex:  9    Spells: 5/9 levels left

rFire    + . .     SeeInvis .     - Unarmed
rCold    . . .     Gourm    .   (no shield)
rNeg     + + +     Faith    .   d - +0 leather armour
rPois    ∞         Spirit   .   k - +0 helmet
rElec    .         Reflect  .   (no cloak)
rCorr    +         Harm     .   (no gloves)
MR       .....                  (no boots)
Stlth    ++........             (no amulet)
HPRegen  0.00/turn              e - ring of resist corrosion
MPRegen  0.11/turn              l - ring of fire

@: rotting
A: rotting body, claws 1, carnivore, cold resistance 1, negative energy
resistance 3, inhibited regeneration, torment resistance, unbreathing
a: Renounce Religion


You were on level 4 of the Dungeon.
You worshipped Jiyva.
Jiyva was noncommittal.
You were not hungry.

You visited 2 branches of the dungeon, and saw 5 of its levels.

You collected 198 gold pieces.

Inventory:

Armour
 a - a +0 robe
 d - a +0 leather armour (worn)
 k - a +0 helmet (worn)
Magical Staves
 b - an uncursed staff of summoning
Jewellery
 e - a ring of resist corrosion (left claw)
 l - a ring of fire (right claw)
Wands
 s - a wand of polymorph (7)
Scrolls
 g - 3 scrolls of amnesia {unknown}
 h - 3 scrolls of identify {unknown}
 j - 3 scrolls of teleportation {unknown}
 n - a scroll of magic mapping {unknown}
 q - a scroll of enchant armour {unknown}
 r - 3 scrolls of enchant weapon {unknown}
Potions
 f - 2 potions of degeneration {unknown}
 i - a potion of might {unknown}
 m - 2 potions of curing {unknown}
 o - a potion of heal wounds {unknown}
 p - a potion of lignification {unknown}
Comestibles
 c - 8 rations


   Skills:
 + Level 2.2 Dodging
 - Level 2.3 Stealth
 + Level 3.9 Unarmed Combat
 - Level 2.0 Spellcasting
 * Level 6.3 Ice Magic


You had 5 spell levels left.
You knew the following spells:

 Your Spells              Type           Power        Failure   Level  Hunger
a - Freeze                Ice            ###.         2%          1    ##.....
b - Frozen Ramparts       Ice            ###...       8%          3    ####...

Your spell library contained the following spells:

 Spells                   Type           Power        Failure   Level  Hunger
 Ozocubu's Armour         Chrm/Ice       #.......     28%         3    ####...
 Hailstorm                Conj/Ice       #.......     67%         4    #####..
 Summon Ice Beast         Ice/Summ       #.......     67%         4    #####..


Dungeon Overview and Level Annotations

Branches:
Dungeon (4/15)             Temple (1/1) D:4

Altars:
Ashenzari
Elyvilon
Gozag
Kikubaaqudgha
Makhleb
Nemelex Xobeh
Okawaru
Sif Muna
Vehumet
Jiyva


Innate Abilities, Weirdness & Mutations

Your body is rotting away.
You thrive on raw meat.
You are immune to poison.
You have sharp fingernails.
You are carnivorous and can eat meat at any time.
Your flesh is cold resistant. (rC+)
You are immune to negative energy. (rN+++)
You do not regenerate when monsters are visible.
You are immune to unholy pain and torment.
You can survive without breathing.


Message History

You hear a slurping noise.
Jiyva appreciates your sacrifice.
You hear a distant slurping noise.
The phantom hits you.
The phantom blinks!
The phantom hits you!
The phantom blinks!
You hear a distant slurping noise.
You hear a squelching noise.
The phantom hits you!
* * * LOW HITPOINT WARNING * * *
You hear a distant slurping noise.
The phantom closely misses you.
You hear a distant slurping noise.
Jiyva appreciates your sacrifice.
Unknown command.
You hear a distant slurping noise.
You hear a distant slurping noise.
You hear a squelching noise.
You swap places.
The phantom barely misses the jelly.
You scratch the phantom.
The phantom is moderately damaged.
The phantom hits you!
You die...

#..........##
##...........#
#............#
#............#
#............#
#............#
#............#
#............#
#..@W.J......#
#.<......J...#
##...........#
#............#
##...........#
#...........#
#.........###
#....######
##.###


You could see a phantom and 2 neutral jellies (fellow slime).

Vanquished Creatures
  A scorpion (D:4)
  2 orc wizards (D:2)
  2 worker ants
  An adder (D:3)
  A worm (D:4)
  A dart slug (D:1)
  2 leopard geckos
  5 orcs
  3 giant cockroaches
  11 goblins
  10 hobgoblins
  10 jackals
  7 bats
  9 frilled lizards
  8 kobolds
  6 rats
79 creatures vanquished.

Notes
Turn   | Place    | Note
-------+----------+-------------------------------------------
     0 | D:1      | Masnef the Ghoul Ice Elementalist began the quest for the
                  | Orb.
     0 | D:1      | Reached XP level 1. HP: 14/14 MP: 2/2
   188 | D:1      | Reached XP level 2. HP: 15/20 MP: 3/3
   710 | D:1      | Reached skill level 1 in Unarmed Combat
   710 | D:1      | Reached skill level 5 in Ice Magic
  1236 | D:1      | Reached XP level 3. HP: 18/26 MP: 4/4
  1241 | D:1      | Learned a level 3 spell: Frozen Ramparts
  1764 | D:2      | You fall into a shaft and drop 1 floor!
  2366 | D:3      | Reached XP level 4. HP: 32/33 MP: 0/5
  2853 | D:2      | Reached XP level 5. HP: 19/38 MP: 0/7
  2972 | D:2      | Found a shimmering blue altar of Sif Muna.
  3353 | D:2      | Found a sparkling altar of Nemelex Xobeh.
  3715 | D:4      | Reached skill level 6 in Ice Magic
  3734 | D:4      | Reached XP level 6. HP: 7/42 MP: 0/8
  4132 | D:4      | Found a staircase to the Ecumenical Temple.
  4142 | Temple   | Entered the Ecumenical Temple
  4214 | Temple   | Became a worshipper of Jiyva Jyifuxeu the Shapeless
  4380 | D:4      | Noticed a phantom
  4424 | D:4      | Slain by a phantom

Illustrated notes

Levels and vault maps discovered:
D:1:      dpeg_arrival_windows_large_door, layout_basic, minmay_fountain_box
D:2:      layout_basic, overflow_temple_1_default, first_ration,
          nemelex_diamond_rough_becter
D:3:      layout_loops_ring
D:4:      layout_cave_pods, minmay_temple_entry_drinking_statues
Temple:   pf_slime_end_temple

Skill      XL: |  1  2  3  4  5 |
---------------+----------------+-----
Unarmed Combat | 1 2 3 |  3.9
Ice Magic      | 5 6 |  6.3
Spellcasting   | 2 |  2.0
Dodging        | 2 |  2.2
Stealth        | |  2.3

Action                   |  1- 3 |  4- 6 || total
-------------------------+-------+-------++-------
Melee: Unarmed           |   130 |    79 ||   209
       Punch             |       |     2 ||     2
 Cast: Freeze            |     9 |    35 ||    44
       Frozen Ramparts   |     2 |     2 ||     4
 Stab: Sleeping          |     2 |     3 ||     5
  Eat: Chunk             |     6 |     8 ||    14
Armor: Robe              |    14 |    15 ||    29
       Leather armour    |       |     5 ||     5
Dodge: Dodged            |    83 |    71 ||   154
